 Dungeon Crawl Stone Soup version 0.23.2-33-g5129a83184 (webtiles) character file.

Game seed: 8312312325019383163

129 psyvane the Grave Robber (level 5, 0/38 HPs)
             Began as a Ghoul Necromancer on July 3, 2019.
             Slain by an orc
             ... wielding a +0 war axe
              (6 damage)
             ... on level 4 of the Dungeon.
             The game lasted 00:14:04 (2907 turns).

psyvane the Grave Robber (Ghoul Necromancer)        Turns: 2907, Time: 00:14:05

Health: 0/38       AC:  3    Str: 12    XL:     5   Next: 12%
Magic:  2/9        EV: 12    Int: 11    God:
Gold:   149        SH:  0    Dex:  9    Spells: 2/11 levels left

rFire    + . .     SeeInvis .     - Unarmed
rCold    + + .     Gourm    .   (no shield)
rNeg     + + +     Faith    .   r - +0 leather armour
rPois    ∞         Spirit   .   (no helmet)
rElec    .         Reflect  .   u - scarf {rC+ rF+}
rCorr    .         Harm     .   (no gloves)
MR       .....                  (no boots)
Stlth    ++........             (no amulet)
HPRegen  0.00/turn              g - ring of flight
MPRegen  0.11/turn              (no ring)

@: very slightly contaminated, rotting
A: rotting body, claws 1, carnivore, cold resistance 1, negative energy
resistance 3, inhibited regeneration, torment resistance, unbreathing
a: Evoke Flight


You were on level 4 of the Dungeon.
You were not hungry.

You visited 1 branch of the dungeon, and saw 4 of its levels.

You collected 149 gold pieces.

Inventory:

Armour
 a - a +0 robe
 p - a +0 cloak
 r - a +0 leather armour (worn)
 u - a scarf of resistance (worn)
Jewellery
 g - a ring of flight (left claw)
 m - a cursed ring of teleportation
Wands
 d - a wand of polymorph (8)
Scrolls
 b - a scroll of magic mapping {unknown}
 l - a scroll of noise {unknown}
 n - a scroll of teleportation
 o - a scroll of immolation {unknown}
Potions
 e - 2 potions of curing {unknown}
 f - a potion of degeneration {unknown}
 h - 2 potions of might {unknown}
 i - a potion of haste {unknown}
 j - a potion of brilliance {unknown}
 k - 2 potions of heal wounds {unknown}
 s - 2 potions of resistance {unknown}
Comestibles
 c - 5 rations


   Skills:
 - Level 2.3 Dodging
 - Level 2.2 Stealth
 - Level 1.2 Unarmed Combat
 - Level 3.6 Spellcasting
 * Level 4.3 Necromancy


You had 2 spell levels left.
You knew the following spells:

 Your Spells              Type           Power        Failure   Level  Hunger
a - Pain                  Necr           ##..         5%          1    #......
b - Animate Skeleton      Necr           N/A          5%          1    #......
c - Vampiric Draining     Necr           ##........   16%         3    ###....
d - Animate Dead          Necr           N/A          47%         4    #####..

Your spell library contained the following spells:

 Spells                   Type           Power        Failure   Level  Hunger
 Regeneration             Chrm/Necr      #.........   36%         3    ###....


Dungeon Overview and Level Annotations

Branches:
Dungeon (4/15)
 Temple: D:4-7

Altars:
Ru

Annotations:
D:3 Grinder


Innate Abilities, Weirdness & Mutations

Your body is rotting away.
You thrive on raw meat.
You are immune to poison.
You have sharp fingernails.
You are carnivorous and can eat meat at any time.
Your flesh is cold resistant. (rC+)
You are immune to negative energy. (rN+++)
You do not regenerate when monsters are visible.
You are immune to unholy pain and torment.
You can survive without breathing.


Message History

Aiming: Pain (safe; 5% risk of failure)
Press: ? - help, Shift-Dir - straight line, f/p - orc
Aim: an orc, wielding a +0 war axe (moderately wounded, chance to defeat MR: 80%)
The orc barely resists.
Casting: Pain (safe; 5% risk of failure)
Confirm with . or Enter, or press ? or * to list all spells.
Aiming: Vampiric Draining (safe; 16% risk of failure)
Press: ? - help, Shift-Dir - straight line, f/p - orc
Aim: an orc, wielding a +0 war axe (moderately wounded)
You miscast Vampiric Draining.
You are very lightly contaminated with residual magic.
You sense a malignant aura.
The orc hits you with a +0 dagger. The orc hits you with a +0 war axe!
* * * LOW HITPOINT WARNING * * *
Casting: Vampiric Draining (safe; 16% risk of failure)
Confirm with . or Enter, or press ? or * to list all spells.
Okay, then.
The orc hits you with a +0 war axe.
You die...

.#...
..... ...
.). #.#
#.#
###.#####
+....oo@+
#########


You could see 2 orcs.

Vanquished Creatures
  5 adders
  2 oozes
  3 dart slugs
  3 leopard geckos
  4 orcs
  A giant cockroach (D:2)
  5 goblins
  A hobgoblin (D:1)
  5 bats
  3 frilled lizards
  4 kobolds
  5 rats
41 creatures vanquished.

Vanquished Creatures (collateral kills)
  An orc wizard (D:3)
  An orc (D:3)
  A bat (D:1)
  A goblin (D:1)
4 creatures vanquished.

Grand Total: 45 creatures vanquished

Notes
Turn   | Place    | Note
-------+----------+-------------------------------------------
     0 | D:1      | psyvane the Ghoul Necromancer began the quest for the Orb.
     0 | D:1      | Reached XP level 1. HP: 14/14 MP: 2/2
    67 | D:1      | Learned a level 1 spell: Animate Skeleton
   146 | D:1      | Reached XP level 2. HP: 11/20 MP: 0/4
  1034 | D:2      | Reached XP level 3. HP: 20/26 MP: 0/5
  1039 | D:2      | Learned a level 3 spell: Vampiric Draining
  1041 | D:2      | Found a sacrificial altar of Ru.
  1317 | D:2      | Reached skill level 1 in Unarmed Combat
  1882 | D:3      | Reached XP level 4. HP: 33/33 MP: 3/7
  2209 | D:3      | Noticed a phantom
  2215 | D:3      | Learned a level 4 spell: Animate Dead
  2632 | D:3      | Reached XP level 5. HP: 34/38 MP: 0/9
  2790 | D:3      | Noticed Grinder
  2799 | D:3      | Paralysed by Grinder for 5 turns
  2810 | D:3      | Noticed Grinder
  2810 | D:3      | Grinder changed into Grinder the crimson imp
  2907 | D:4      | Slain by an orc

Skill      XL: |  1  2  3  4 |
---------------+-------------+-----
Dodging        | 2 |  2.3
Spellcasting   | 2 3 |  3.6
Unarmed Combat | 1 |  1.2
Stealth        | |  2.2
Necromancy     | |  4.3

Action                   |  1- 3 |  4- 6 || total
-------------------------+-------+-------++-------
Melee: Unarmed           |    32 |    47 ||    79
 Cast: Pain              |    51 |    40 ||    91
       Animate Skeleton  |     8 |     6 ||    14
Evoke: Wand              |       |     1 ||     1
  Use: Scroll            |     2 |     2 ||     4
 Stab: Sleeping          |     1 |       ||     1
  Eat: Chunk             |     5 |     4 ||     9
Armor: Robe              |    11 |     1 ||    12
       Leather armour    |       |     9 ||     9
Dodge: Dodged            |    26 |    31 ||    57
